 Dungeon Crawl Stone Soup version 0.29.1-2-gbd0b4ee654 (webtiles) character file.

Game seed: 12740451217852743359

22 adizb the Caller (level 2, 0/15 HPs)
             Began as a Deep Elf Summoner on Oct 26, 2022.
             Succumbed to a goblin's poison
             ... on level 2 of the Dungeon.
             The game lasted 00:05:11 (1245 turns).

adizb the Caller (Deep Elf Summoner)                Turns: 1245, Time: 00:05:12

Health: 0/15       AC:  4    Str:  5    XL:     2   Next: 68%
Magic:  3/8        EV: 13    Int: 19    God:
Gold:   59         SH:  0    Dex: 15    Spells: 5/8 levels left

rFire   . . .      SeeInvis .   f - +0 dagger
rCold   . . .      Faith    .   (no shield)
rNeg    . . .      Spirit   .   a - +0 robe
rPois   .          Reflect  .   d - +2 hat
rElec   .          Harm     .   (no cloak)
rCorr   .          Rampage  .   (no gloves)
Will    .....                   (no boots)
Stlth   ++........              (no amulet)
HPRegen 0.05/turn               i - ring of flight
MPRegen 0.11/turn               (no ring)

@: lethally poisoned (0 -> -12), flying
A: no striking features
a: no special abilities


You were on level 2 of the Dungeon.
You visited 1 branch of the dungeon, and saw 2 of its levels.

You collected 59 gold pieces.

Inventory:

Hand Weapons
 f - a +0 dagger (weapon)
Armour
 a - a +0 robe (worn)
 d - a +2 hat (worn)
Jewellery
 i - a ring of flight (left hand)
Scrolls
 g - 3 scrolls of blinking {unknown}
 j - a scroll of summoning {unknown}
 m - a scroll of identify {unknown}
Potions
 b - a potion of magic
 c - 2 potions of heal wounds {unknown}
 e - a potion of haste {unknown}
 h - a potion of resistance {unknown}
 k - a potion of cancellation {unknown}
 l - a potion of curing {unknown}


   Skills:
 + Level 3.0 Dodging
 - Level 2.4 Stealth
 + Level 3.6 Spellcasting
 + Level 4.7 Summonings


You had 5 spell levels left.
You knew the following spells:

 Your Spells              Type           Power      Damage    Failure   Level
a - Summon Small Mammal   Summ           84%        N/A       1%          1
b - Call Imp              Summ           21%        N/A       3%          2

Your spell library contained the following spells:

 Spells                   Type           Power      Damage    Failure   Level
 Call Canine Familiar     Summ           21%        N/A       6%          3
 Summon Guardian Golem    Hex/Summ       12%        N/A       16%         3
 Summon Lightning Spire   Summ/Air       12%        N/A       47%         4


Dungeon Overview and Level Annotations

Branches:
Dungeon (2/15)

Altars:


Message History

The goblin shoots a sling bullet.
The sling bullet closely misses you.
The goblin shoots a sling bullet.
The sling bullet closely misses you.
You swap places.
Your crimson imp blinks!
The goblin shoots a sling bullet.
The sling bullet barely misses you.
You barely miss the goblin.
The goblin unwields a +0 sling.
The goblin wields a +0 dagger of venom.
It begins to drip with poison!
The goblin closely misses you.
You hit the goblin.
The goblin is heavily wounded.
The goblin hits you but does no damage.
You are poisoned.
Your crimson imp misses the goblin.
You hit the goblin but do no damage.
The goblin is heavily wounded.
You feel very sick. The goblin closely misses you.
Your crimson imp closely misses the goblin.
Casting: Call Imp (safe; 3% risk of failure)
Press: ? - help, Q - select action, (/) - cycle Dir - look around, f - activate A metallic apparition takes form in the air.
You feel sick.
Your crimson imp disappears in a puff of smoke!
The goblin hits you with a +0 dagger of venom.
You closely miss the goblin.
The goblin is heavily wounded.
You feel sick. The goblin hits you but does no damage.
You miss the goblin.
The goblin is heavily wounded.
You feel sick. The goblin hits you but does no damage.
You are lethally poisoned!
Your iron imp misses the goblin.
You hit the goblin.
The goblin is severely wounded.
* * * LOW HITPOINT WARNING * * *
You feel very sick. The goblin completely misses you.
Your iron imp hits the goblin.
The goblin dies!
Okay, then.
You die...

### ..# ###.#...#
#.# ##.......# #.#
# ##.# ....#
#.##.# ##># ...#
#.5..# ##.##....#
#@# .......#.# #.#
##.#####.#######.#
##.# #.........#
##.#####.#########
##.......#
##########


You could see a friendly iron imp (summoned).

Vanquished Creatures
  A dart slug (D:1)
  A ball python (D:1)
  A kobold (D:1)
3 creatures vanquished.

Vanquished Creatures (collateral kills)
  A dart slug (D:1)
  5 goblins
  2 hobgoblins (D:1)
  2 ball pythons
  2 frilled lizards
  A kobold (D:2)
  2 rats
15 creatures vanquished.

Grand Total: 18 creatures vanquished

Notes
Turn   | Place    | Note
-------+----------+-------------------------------------------
     0 | D:1      | adizb the Deep Elf Summoner began the quest for the Orb.
     0 | D:1      | Reached XP level 1. HP: 10/10 MP: 6/6
   143 | D:1      | Found a faded altar of an unknown god.
   259 | D:1      | Reached XP level 2. HP: 15/15 MP: 5/8
   798 | D:2      | Learned a level 2 spell: Call Imp
  1245 | D:2      | Succumbed to a goblin's poison

Illustrated notes

Levels and vault maps discovered:
D:1:      kennysheep_arrival_forest, layout_loops_ring,
          hellmonk_ecumenical_altar_lost_god
D:2:      cheibrodos_old_hovel, layout_loops_corners, hangedman_glass_teeth

Skill      XL: |  1  2 |
---------------+-------+-----
Dodging        | 3 |  3.0
Stealth        | |  2.4
Spellcasting   | |  3.6
Summonings     | |  4.7

Action                   || total
-------------------------++-------
Melee: Unarmed           ||     5
       Dagger            ||    24
 Cast: Summon Small Mamm ||    20
       Call Imp          ||     7
Armor: Robe              ||     7
Dodge: Dodged            ||    25
